Login

Seattle Kraken vs Edmonton Oilers

Created - 21 April 2024 at 23:10

Goals
1 2 3 OT1 T
Seattle Kraken 0 0 2 1 3
Edmonton Oilers 0 2 0 0 2
Shots
1 2 3 OT1 T
Seattle Kraken 4 6 16 1 27
Edmonton Oilers 8 14 13 0 35

GoalsPenalties
1st period
No Goal
Adam Larsson (SEA) for Tripping (Minor) at 5:04
Adam Larsson (SEA) for Hooking (Minor) at 8:04
2nd period
1. Edmonton Oilers , Zach Hyman 11 (Ryan Nugent-Hopkins 13, Connor McDavid 12) at 1:11 (PP)
2. Edmonton Oilers , Evander Kane 6 (Leon Draisaitl 10, Ryan McLeod 1) at 2:34
Jamie Oleksiak (SEA) for Cross-checking (Minor) at 0:36
Evander Kane (EDM) for Hooking (Minor) at 7:20
Adam Larsson (SEA) for Tripping (Minor) at 7:42
Klim Kostin (SEA) for Roughing (Minor) at 17:21
3rd period
3. Seattle Kraken , Brandon Tanev 2 (Adam Larsson 6) at 2:02
4. Seattle Kraken , Jared McCann 16 (Adam Larsson 7, Jamie Oleksiak 8) at 15:09 (PP)
Jamie Oleksiak (SEA) for Roughing (Minor) at 2:26
Jamie Oleksiak (SEA) for Tripping (Minor) at 5:13
Mattias Janmark (EDM) for High sticking (Minor) at 13:40
Yanni Gourde (SEA) for Tripping (Minor) at 17:05
Leon Draisaitl (EDM) for Slashing (Minor) at 19:13
Overtime #1
5. Seattle Kraken , Jared McCann 17 (Yanni Gourde 13) at 3:00
No Penalty
Goalie Stats
Carter Hart (SEA), 33 saves from 35 shots - (0.943), W, 7-7-0, 63:00 minutes
Stuart Skinner (EDM), 24 saves from 27 shots - (0.889), OTL, 6-5-3, 63:00 minutes
3 StarsOfficial
1 - Jared McCann (SEA)
2 - Carter Hart (SEA)
3 - Brandon Tanev (SEA)
Referees : Marc Joannette and Terry Koharski
Linesman : David Brisebois and Luke Murray
Game Note
Matty Beniers is injured at 0:13 of 1st overtime period (Groin)
Finance
Level 1 -- Attendance: 5268 (87.80%) -- Ticket Income $526,800
Level 2 -- Attendance: 4528 (90.56%) -- Ticket Income $271,680
Level 3 -- Attendance: 1630 (81.50%) -- Ticket Income $57,050
Level 4 -- Attendance: 2897 (72.43%) -- Ticket Income $72,425
Luxury Box -- Attendance: 900 (90.00%) -- Ticket Income $180,000
Game was played at the Rogers Place.
Total Attendance: 15223 (84.57%)
Total Ticket Income: $1,107,955
Other Income: $542,898
Total Income: $1,650,853



Team Name Goals Shots Shots Attemp Shots Blocked PIM HIT PP PK FO%
Seattle Kraken 327541216261 / 3 (33%)150%
Edmonton Oilers 2356096191 / 8 (13%)150%

Seattle Kraken
Player Name POS G A P +/- PIM HIT SHT SB MP PP MP PP SHT PK MP PK SHT FO% FOT GA TA
Adam LarssonD0221641428:542:3605:4100% 000
Alex WennbergC0001010014:560:0002:05050% 610
Andre BurakovskyLW0000011021:560:3604:2600% 000
Brandon TanevLW1011022012:040:0000:5000% 000
Brian DumoulinD0000010117:540:0004:0100% 000
Connor CarrickD000000005:190:0001:4600% 000
Jaden SchwartzC000001005:160:0000:0300% 100
Jalen ChatfieldD0000000012:250:0000:3800% 000
Jamie OleksiakD0110621120:522:3710:0000% 001
Jared McCannLW2020015126:552:0136:46033% 310
Jaycob MegnaD0000011219:400:0008:1400% 001
Jordan EberleRW000-1031014:522:0100:0000% 200
Justin SchultzD0000020019:530:0005:2200% 001
Kailer YamamotoRW0001014010:590:0000:0000% 000
Klim KostinRW000020005:160:0000:0000% 000
Matty BeniersC000-1027222:472:0107:25148% 3101
Oliver BjorkstrandRW0000000115:150:3600:0000% 003
Yanni GourdeC0111244020:240:3624:07167% 1511
Edmonton Oilers
Player Name POS G A P +/- PIM HIT SHT SB MP PP MP PP SHT PK MP PK SHT FO% FOT GA TA
Adam ErneLW000-1020211:451:0200:3300% 000
Brett KulakD0001011016:120:2201:2700% 000
Connor McDavidC0110004125:226:5702:08050% 2420
Derek RyanC0000012011:545:1610:00050% 200
Dylan HollowayLW000002006:420:0000:0000% 000
Evan BouchardD0000013226:004:3011:2700% 000
Evander KaneLW1010226018:345:3810:2700% 300
Lane PedersonC000000006:420:0000:0000% 010
Leon DraisaitlC0111212022:508:3700:00058% 1210
MacKenzie WeegarD0001030027:198:3002:2300% 001
Mattias EkholmD000-1000125:504:2102:2300% 001
Mattias JanmarkC0000213020:174:3810:3510% 010
Philip BrobergD000-1000110:320:0000:0000% 000
Ryan McLeodC0111001011:500:0000:00050% 201
Ryan Nugent-HopkinsC011-1024018:527:1311:42162% 1310
Sam GagnerC000-1001010:420:2400:0000% 000
Vincent DesharnaisD000-1000110:320:0000:0000% 000
Zach HymanLW101-1038123:036:4711:0200% 220

Seattle Kraken

5 vs 5 Forward
Line #Left WingCenterRight WingPHYDFOFWanted %Time %Time Play
1Jared McCannMatty BeniersJordan Eberle1134029%12:31
2Andre BurakovskyYanni GourdeOliver Bjorkstrand2213533%14:12
3Brandon TanevAlex WennbergKailer Yamamoto2212026%10:59
4Jared McCannJaden SchwartzKlim Kostin311512%5:13
5 vs 5 Defense
Line #DefenseDefensePHYDFOFWanted %Time %Time Play
1Adam LarssonJamie Oleksiak1224538%16:08
2Brian DumoulinJustin Schultz3112030%12:53
3Jaycob MegnaJalen Chatfield2212024%10:21
4Connor CarrickAdam Larsson212158%3:33
Power Play Forward
Line #Left WingCenterRight WingPHYDFOFWanted %Time %Time Play
1Jared McCannMatty BeniersJordan Eberle1046077%2:01
2Andre BurakovskyYanni GourdeOliver Bjorkstrand2124023%0:36
Power Play Defense
Line #DefenseDefensePHYDFOFWanted %Time %Time Play
1Adam LarssonJamie Oleksiak11365100%2:37
2Brian DumoulinJustin Schultz212350%0:00
Penalty Kill 4 Players Forward
Line #CenterWingPHYDFOFWanted %Time %Time Play
1Matty BeniersJared McCann2305568%8:44
2Yanni GourdeAndre Burakovsky2304532%4:07
Penalty Kill 4 Players Defense
Line #DefenseDefensePHYDFOFWanted %Time %Time Play
1Adam LarssonJaycob Megna0506569%8:50
2Brian DumoulinJustin Schultz0503531%4:01
Penalty Kill 3 Players
Line #WingPHYDFOFWanted %Time %Time PlayDefenseDefensePHYDFOFWanted %Time %Time Play
1Matty Beniers050550%0:00 Jaycob MegnaJalen Chatfield050650%0:00
2Yanni Gourde050450%0:00 Brian DumoulinJustin Schultz050350%0:00
4 vs 4 Forward
Line #CenterWingPHYDFOFWanted %Time %Time Play
1Matty BeniersJared McCann1315579%2:14
2Yanni GourdeAndre Burakovsky1314521%0:36
4 vs 4 Defense
Line #DefensePHYDFOFWanted %Time %Time Play
1Jamie OleksiakAdam Larsson0506065%60% - 1:50
2Brian DumoulinJustin Schultz0504035%40% - 1:00
Last Minutes Offensive
Left WingCenterRight WingDefenseDefense
Jared McCannMatty BeniersJordan EberleAdam LarssonJamie Oleksiak
Last Minutes Defensive
Left WingCenterRight WingDefenseDefense
Jared McCannMatty BeniersJordan EberleAdam LarssonJamie Oleksiak
Time
Total ForwardTotal DefenseLast Minutes OffensiveLast Minutes Defensive
61:13 61:13 0:000:00
Extra Forwards
Normal PowerPlayPenalty Kill
Alex Wennberg, Andre Burakovsky, Oliver BjorkstrandAlex Wennberg, Andre BurakovskyAlex Wennberg
Extra Defensemen
Normal PowerPlayPenalty Kill
Justin Schultz, Jaycob Megna, Jalen ChatfieldJustin Schultz, Justin SchultzJaycob Megna
Penalty Shots
Jared McCann, Jordan Eberle, Matty Beniers, Yanni Gourde, Alex Wennberg
Goalie
Carter Hart, Philipp Grubauer
Custom OT Lines Forwards
Jared McCann, Jordan Eberle, Matty Beniers, Yanni Gourde, Alex Wennberg, Andre Burakovsky, Oliver Bjorkstrand, Jaden Schwartz, Brandon Tanev, Kailer Yamamoto
Custom OT Lines Defensemen
Adam Larsson, Jamie Oleksiak, Brian Dumoulin, Justin Schultz, Jaycob Megna
Scratches
Pierre-Edouard Bellemare (Healthy), John Hayden (Healthy), Devin Shore (Healthy)

Edmonton Oilers

5 vs 5 Forward
Line #Left WingCenterRight WingPHYDFOFWanted %Time %Time Play
1Zach HymanConnor McDavidMattias Janmark0233734%14:46
2Evander KaneLeon DraisaitlRyan McLeod0233328%11:49
3Adam ErneRyan Nugent-HopkinsSam Gagner1222222%9:38
4Dylan HollowayDerek RyanLane Pederson122816%6:42
5 vs 5 Defense
Line #DefenseDefensePHYDFOFWanted %Time %Time Play
1Mattias EkholmEvan Bouchard1314037%16:03
2Brett KulakMacKenzie Weegar1313535%15:08
3Vincent DesharnaisPhilip Broberg1311525%10:32
4Evan BouchardMacKenzie Weegar122103%1:12
Power Play Forward
Line #Left WingCenterRight WingPHYDFOFWanted %Time %Time Play
1Zach HymanConnor McDavidRyan Nugent-Hopkins0147059%7:35
2Evander KaneDerek RyanMattias Janmark0143041%5:16
Power Play Defense
Line #DefenseDefensePHYDFOFWanted %Time %Time Play
1MacKenzie WeegarLeon Draisaitl0237063%8:08
2Mattias EkholmEvan Bouchard1223037%4:43
Penalty Kill 4 Players Forward
Line #CenterWingPHYDFOFWanted %Time %Time Play
1Ryan Nugent-HopkinsZach Hyman1315039%1:02
2Connor McDavidMattias Janmark1315061%1:35
Penalty Kill 4 Players Defense
Line #DefenseDefensePHYDFOFWanted %Time %Time Play
1Mattias EkholmMacKenzie Weegar1405556%1:28
2Evan BouchardBrett Kulak1404544%1:09
Penalty Kill 3 Players
Line #WingPHYDFOFWanted %Time %Time PlayDefenseDefensePHYDFOFWanted %Time %Time Play
1Ryan Nugent-Hopkins0505055%0:40 Mattias EkholmMacKenzie Weegar1405575%0:55
2Connor McDavid0505045%0:33 Brett KulakEvan Bouchard1404525%0:18
4 vs 4 Forward
Line #CenterWingPHYDFOFWanted %Time %Time Play
1Connor McDavidLeon Draisaitl1226078%1:16
2Ryan Nugent-HopkinsZach Hyman1224022%0:21
4 vs 4 Defense
Line #DefensePHYDFOFWanted %Time %Time Play
1Mattias EkholmEvan Bouchard1226075%60% - 1:13
2Brett KulakMacKenzie Weegar1224025%40% - 0:24
Last Minutes Offensive
Left WingCenterRight WingDefenseDefense
Leon DraisaitlConnor McDavidZach HymanMattias EkholmMacKenzie Weegar
Last Minutes Defensive
Left WingCenterRight WingDefenseDefense
Evander KaneRyan Nugent-HopkinsMattias JanmarkBrett KulakEvan Bouchard
Time
Total ForwardTotal DefenseLast Minutes OffensiveLast Minutes Defensive
61:13 61:13 0:000:00
Extra Forwards
Normal PowerPlayPenalty Kill
Connor McDavid, Leon Draisaitl, Ryan Nugent-HopkinsZach Hyman, Adam ErneEvander Kane
Extra Defensemen
Normal PowerPlayPenalty Kill
Mattias Ekholm, MacKenzie Weegar, Evan BouchardPhilip Broberg, Mattias EkholmBrett Kulak
Penalty Shots
Leon Draisaitl, Connor McDavid, Ryan Nugent-Hopkins, Zach Hyman, Evander Kane
Goalie
Stuart Skinner, Jack Campbell
Custom OT Lines Forwards
Leon Draisaitl, Connor McDavid, Ryan Nugent-Hopkins, Zach Hyman, Evander Kane, Adam Erne, Mattias Janmark, Ryan McLeod, Derek Ryan, Sam Gagner
Custom OT Lines Defensemen
MacKenzie Weegar, Mattias Ekholm, Evan Bouchard, Vincent Desharnais, Brett Kulak
Scratches
Warren Foegele (Head Injury), Raphael Lavoie (Healthy), Darnell Nurse (Healthy)


Play-by-Play

1st period


0:01 of 1st period - Connor McDavid wins face-off versus Matty Beniers in neutral zone.
0:16 of 1st period - Snap shot by Jared McCann.
0:16 of 1st period - Shot Misses the Net.
0:36 of 1st period - Slapshot by Evan Bouchard.
0:36 of 1st period - Shot Blocked by Oliver Bjorkstrand.
0:38 of 1st period - Slapshot by Evander Kane.
0:38 of 1st period - Stopped by Carter Hart with a rebound.
0:40 of 1st period - Snap shot by Leon Draisaitl.
0:40 of 1st period - Shot Misses the Net.
1:00 of 1st period - Snap shot by Ryan Nugent-Hopkins.
1:00 of 1st period - Stopped by Carter Hart with a rebound.
1:18 of 1st period - Wrist shot by Jaden Schwartz.
1:18 of 1st period - Shot Misses the Net.
1:20 of 1st period - Snap shot by Jamie Oleksiak.
1:20 of 1st period - Deflect By Jared McCann.
1:20 of 1st period - Shot Misses the Net.
1:20 of 1st period - Puck is out of play.
1:21 of 1st period - Matty Beniers wins face-off versus Connor McDavid in Edmonton Oilers zone.
2:11 of 1st period - Brandon Tanev is hit by Adam Erne and loses puck.
2:18 of 1st period - Slapshot by Evan Bouchard.
2:18 of 1st period - Stopped by Carter Hart with a rebound.
2:34 of 1st period - Mattias Ekholm is hit by Jaden Schwartz and loses puck.
2:51 of 1st period - Yanni Gourde is hit by Mattias Janmark and loses puck.
2:56 of 1st period - Slapshot by Zach Hyman.
2:56 of 1st period - Stopped by Carter Hart with a rebound.
2:58 of 1st period - Wrist shot by Zach Hyman.
2:58 of 1st period - Stopped by Carter Hart with a rebound.
3:00 of 1st period - Snap shot by Connor McDavid.
3:00 of 1st period - Stopped by Carter Hart without a rebound.
3:01 of 1st period - Matty Beniers wins face-off versus Leon Draisaitl in Seattle Kraken zone.
3:19 of 1st period - Icing by Brian Dumoulin.
3:20 of 1st period - Connor McDavid wins face-off versus Matty Beniers in Seattle Kraken zone.
3:27 of 1st period - Snap shot by Connor McDavid.
3:27 of 1st period - Shot Misses the Net.
3:39 of 1st period - Snap shot by Matty Beniers.
3:39 of 1st period - Stopped by Stuart Skinner with a rebound.
3:41 of 1st period - Snap shot by Matty Beniers.
3:41 of 1st period - Shot Misses the Net.
3:43 of 1st period - Snap shot by Jared McCann.
3:43 of 1st period - Stopped by Stuart Skinner with a rebound.
4:15 of 1st period - Snap shot by Jared McCann.
4:15 of 1st period - Shot Misses the Net.
4:35 of 1st period - Off-side.
4:36 of 1st period - Yanni Gourde wins face-off versus Leon Draisaitl in neutral zone.
4:41 of 1st period - Wrist shot by Oliver Bjorkstrand.
4:41 of 1st period - Deflect By Andre Burakovsky.
4:41 of 1st period - Shot Blocked by Evan Bouchard.
4:41 of 1st period - Puck is out of play.
4:42 of 1st period - Leon Draisaitl wins face-off versus Yanni Gourde in Edmonton Oilers zone.
4:42 of 1st period - Leon Draisaitl is hit by Yanni Gourde.
4:58 of 1st period - Backhand shot by Evander Kane.
4:58 of 1st period - Shot Misses the Net.
5:04 of 1st period - Minor Penalty to Adam Larsson for Tripping.
5:05 of 1st period - Jared McCann wins face-off versus Ryan Nugent-Hopkins in Seattle Kraken zone.
5:20 of 1st period - Backhand shot by Yanni Gourde.
5:20 of 1st period - Stopped by Stuart Skinner without a rebound.
5:21 of 1st period - Connor McDavid wins face-off versus Matty Beniers in Edmonton Oilers zone.
5:54 of 1st period - Slapshot by Leon Draisaitl.
5:54 of 1st period - Shot Misses the Net.
7:04 of 1st period - Penalty to Adam Larsson is over, Adam Larsson is back on ice.
7:51 of 1st period - Leon Draisaitl is hit by Jamie Oleksiak and loses puck.
8:04 of 1st period - Minor Penalty to Adam Larsson for Hooking.
8:05 of 1st period - Matty Beniers wins face-off versus Zach Hyman in Seattle Kraken zone.
8:24 of 1st period - Andre Burakovsky is hit by MacKenzie Weegar and loses puck.
8:41 of 1st period - Slapshot by Evan Bouchard.
8:41 of 1st period - Stopped by Carter Hart with a rebound.
10:04 of 1st period - Penalty to Adam Larsson is over, Adam Larsson is back on ice.
10:04 of 1st period - Icing by Yanni Gourde.
10:05 of 1st period - Derek Ryan wins face-off versus Alex Wennberg in Seattle Kraken zone.
10:16 of 1st period - Backhand shot by Kailer Yamamoto.
10:16 of 1st period - Stopped by Stuart Skinner without a rebound.
10:17 of 1st period - Alex Wennberg wins face-off versus Ryan Nugent-Hopkins in Edmonton Oilers zone.
10:43 of 1st period - Alex Wennberg is hit by Ryan Nugent-Hopkins and loses puck.
11:12 of 1st period - Wrist shot by Sam Gagner.
11:12 of 1st period - Stopped by Carter Hart without a rebound.
11:13 of 1st period - Connor McDavid wins face-off versus Yanni Gourde in Seattle Kraken zone.
12:39 of 1st period - Slapshot by Leon Draisaitl.
12:39 of 1st period - Shot Misses the Net.
12:45 of 1st period - Adam Larsson is hit by Evander Kane and loses puck.
12:58 of 1st period - Brett Kulak is hit by Matty Beniers and loses puck.
14:18 of 1st period - Connor McDavid is hit by Yanni Gourde and loses puck.
14:57 of 1st period - Evander Kane is hit by Brandon Tanev and loses puck.
16:16 of 1st period - Brett Kulak is hit by Yanni Gourde and loses puck.
16:23 of 1st period - Wrist shot by Evan Bouchard.
16:23 of 1st period - Deflect By Derek Ryan.
16:23 of 1st period - Shot Blocked by Brian Dumoulin.
16:23 of 1st period - Puck is out of play.
16:24 of 1st period - Alex Wennberg wins face-off versus Leon Draisaitl in Seattle Kraken zone.
17:39 of 1st period - Wrist shot by Alex Wennberg.
17:39 of 1st period - Shot Misses the Net.
18:13 of 1st period - Yanni Gourde is hit by MacKenzie Weegar and loses puck.
19:08 of 1st period - Zach Hyman is hit by Adam Larsson and loses puck.
19:29 of 1st period - Mattias Ekholm is hit by Jordan Eberle and loses puck.
Goals for this period are 0 for Seattle Kraken vs 0 for Edmonton Oilers.
Shots for this period are 4 for Seattle Kraken vs 8 for Edmonton Oilers.

2nd period


0:01 of 2nd period - Matty Beniers wins face-off versus Zach Hyman in neutral zone.
0:04 of 2nd period - Connor McDavid is hit by Jordan Eberle and loses puck.
0:12 of 2nd period - Slapshot by Matty Beniers.
0:12 of 2nd period - Stopped by Stuart Skinner without a rebound.
0:13 of 2nd period - Leon Draisaitl wins face-off versus Matty Beniers in Edmonton Oilers zone.
0:24 of 2nd period - Slapshot by Evan Bouchard.
0:24 of 2nd period - Shot Misses the Net.
0:30 of 2nd period - Snap shot by Evander Kane.
0:30 of 2nd period - Shot Blocked by Matty Beniers.
0:36 of 2nd period - Minor Penalty to Jamie Oleksiak for Cross-checking.
0:37 of 2nd period - Matty Beniers wins face-off versus Connor McDavid in Seattle Kraken zone.
0:46 of 2nd period - Snap shot by Ryan Nugent-Hopkins.
0:46 of 2nd period - Deflect By Matty Beniers.
0:46 of 2nd period - Shot Blocked by Jaycob Megna.
0:46 of 2nd period - Puck is out of play.
0:47 of 2nd period - Connor McDavid wins face-off versus Matty Beniers in Seattle Kraken zone.
0:52 of 2nd period - Wrist shot by Connor McDavid.
0:52 of 2nd period - Shot Blocked by Jared McCann.
1:11 of 2nd period - Slapshot by Zach Hyman.
1:11 of 2nd period - Goal by Zach Hyman - Seattle Kraken : 0 - Edmonton Oilers : 1.
1:12 of 2nd period - Matty Beniers wins face-off versus Connor McDavid in neutral zone.
1:19 of 2nd period - Mattias Janmark is hit by Adam Larsson and loses puck.
1:26 of 2nd period - Snap shot by Zach Hyman.
1:26 of 2nd period - Deflect By Jared McCann.
1:26 of 2nd period - Stopped by Carter Hart without a rebound.
1:27 of 2nd period - Yanni Gourde wins face-off versus Ryan McLeod in Seattle Kraken zone.
1:27 of 2nd period - Yanni Gourde is hit by Evan Bouchard.
1:53 of 2nd period - Zach Hyman is hit by Jared McCann and loses puck.
2:04 of 2nd period - Snap shot by Jordan Eberle.
2:04 of 2nd period - Shot Misses the Net.
2:22 of 2nd period - Backhand shot by Ryan Nugent-Hopkins.
2:22 of 2nd period - Stopped by Carter Hart without a rebound.
2:23 of 2nd period - Leon Draisaitl wins face-off versus Matty Beniers in Seattle Kraken zone.
2:34 of 2nd period - Snap shot by Evander Kane.
2:34 of 2nd period - Goal by Evander Kane - Seattle Kraken : 0 - Edmonton Oilers : 2.
2:35 of 2nd period - Yanni Gourde wins face-off versus Connor McDavid in neutral zone.
2:38 of 2nd period - Zach Hyman is hit by Andre Burakovsky and loses puck.
3:01 of 2nd period - Slapshot by Matty Beniers.
3:01 of 2nd period - Stopped by Stuart Skinner without a rebound.
3:02 of 2nd period - Leon Draisaitl wins face-off versus Jared McCann in Edmonton Oilers zone.
3:13 of 2nd period - Snap shot by Leon Draisaitl.
3:13 of 2nd period - Deflect By Evander Kane.
3:13 of 2nd period - Stopped by Carter Hart without a rebound.
3:14 of 2nd period - Yanni Gourde wins face-off versus Connor McDavid in Seattle Kraken zone.
3:14 of 2nd period - Yanni Gourde is hit by Zach Hyman.
3:26 of 2nd period - Wrist shot by Zach Hyman.
3:26 of 2nd period - Shot Misses the Net.
3:28 of 2nd period - Snap shot by Connor McDavid.
3:28 of 2nd period - Stopped by Carter Hart without a rebound.
3:29 of 2nd period - Matty Beniers wins face-off versus Leon Draisaitl in Seattle Kraken zone.
3:34 of 2nd period - Evander Kane is hit by Adam Larsson and loses puck.
3:44 of 2nd period - Off-side.
3:45 of 2nd period - Connor McDavid wins face-off versus Yanni Gourde in neutral zone.
4:02 of 2nd period - Snap shot by Connor McDavid.
4:02 of 2nd period - Stopped by Carter Hart without a rebound.
4:03 of 2nd period - Leon Draisaitl wins face-off versus Matty Beniers in Seattle Kraken zone.
4:08 of 2nd period - Slapshot by Evan Bouchard.
4:08 of 2nd period - Stopped by Carter Hart with a rebound.
5:02 of 2nd period - Slapshot by MacKenzie Weegar.
5:02 of 2nd period - Deflect By Ryan Nugent-Hopkins.
5:02 of 2nd period - Shot Misses the Net.
5:02 of 2nd period - Puck is out of play.
5:03 of 2nd period - Matty Beniers wins face-off versus Leon Draisaitl in Seattle Kraken zone.
5:38 of 2nd period - Snap shot by Connor McDavid.
5:38 of 2nd period - Stopped by Carter Hart with a rebound.
5:40 of 2nd period - Slapshot by Brett Kulak.
5:40 of 2nd period - Stopped by Carter Hart with a rebound.
5:42 of 2nd period - Slapshot by MacKenzie Weegar.
5:42 of 2nd period - Shot Misses the Net.
7:11 of 2nd period - Wrist shot by Derek Ryan.
7:11 of 2nd period - Stopped by Carter Hart without a rebound.
7:12 of 2nd period - Leon Draisaitl wins face-off versus Jaden Schwartz in Seattle Kraken zone.
7:20 of 2nd period - Minor Penalty to Evander Kane for Hooking.
7:21 of 2nd period - Ryan Nugent-Hopkins wins face-off versus Matty Beniers in Edmonton Oilers zone.
7:21 of 2nd period - Ryan Nugent-Hopkins is hit by Jordan Eberle.
7:36 of 2nd period - Slapshot by Mattias Janmark.
7:36 of 2nd period - Stopped by Carter Hart without a rebound.
7:37 of 2nd period - Ryan Nugent-Hopkins wins face-off versus Jared McCann in Seattle Kraken zone.
7:40 of 2nd period - Wrist shot by Ryan Nugent-Hopkins.
7:40 of 2nd period - Stopped by Carter Hart with a rebound.
7:42 of 2nd period - Minor Penalty to Adam Larsson for Tripping.
7:43 of 2nd period - Matty Beniers wins face-off versus Connor McDavid in Seattle Kraken zone.
9:20 of 2nd period - Penalty to Evander Kane is over, Evander Kane is back on ice.
9:42 of 2nd period - Penalty to Adam Larsson is over, Adam Larsson is back on ice.
9:54 of 2nd period - Slapshot by Adam Larsson.
9:54 of 2nd period - Stopped by Stuart Skinner with a rebound.
10:00 of 2nd period - Jared McCann is hit by Brett Kulak.
10:12 of 2nd period - Snap shot by Matty Beniers.
10:12 of 2nd period - Stopped by Stuart Skinner without a rebound.
10:13 of 2nd period - Yanni Gourde wins face-off versus Ryan Nugent-Hopkins in Edmonton Oilers zone.
10:30 of 2nd period - Slapshot by Oliver Bjorkstrand.
10:30 of 2nd period - Shot Blocked by Vincent Desharnais.
10:40 of 2nd period - Philip Broberg is hit by Alex Wennberg and loses puck.
13:03 of 2nd period - Leon Draisaitl is hit by Brandon Tanev and loses puck.
13:56 of 2nd period - Brandon Tanev is hit by Adam Erne and loses puck.
14:43 of 2nd period - Philip Broberg is hit by Justin Schultz and loses puck.
14:56 of 2nd period - Snap shot by Zach Hyman.
14:56 of 2nd period - Stopped by Carter Hart without a rebound.
14:57 of 2nd period - Connor McDavid wins face-off versus Yanni Gourde in Seattle Kraken zone.
15:16 of 2nd period - Evander Kane is hit by Matty Beniers and loses puck.
16:38 of 2nd period - Wrist shot by Kailer Yamamoto.
16:38 of 2nd period - Stopped by Stuart Skinner with a rebound.
17:19 of 2nd period - Slapshot by Zach Hyman.
17:19 of 2nd period - Shot Misses the Net.
17:21 of 2nd period - Minor Penalty to Klim Kostin for Roughing.
17:22 of 2nd period - Yanni Gourde wins face-off versus Connor McDavid in Seattle Kraken zone.
17:33 of 2nd period - Slapshot by Leon Draisaitl.
17:33 of 2nd period - Shot Blocked by Adam Larsson.
17:49 of 2nd period - Jaycob Megna is hit by Derek Ryan and loses puck.
19:21 of 2nd period - Penalty to Klim Kostin is over, Klim Kostin is back on ice.
19:38 of 2nd period - Wrist shot by Alex Wennberg.
19:38 of 2nd period - Deflect By Kailer Yamamoto.
19:38 of 2nd period - Deflect By Philip Broberg.
19:38 of 2nd period - Stopped by Stuart Skinner without a rebound.
19:39 of 2nd period - Ryan Nugent-Hopkins wins face-off versus Alex Wennberg in Edmonton Oilers zone.
Goals for this period are 0 for Seattle Kraken vs 2 for Edmonton Oilers.
Shots for this period are 6 for Seattle Kraken vs 14 for Edmonton Oilers.

3rd period


0:01 of 3rd period - Matty Beniers wins face-off versus Connor McDavid in neutral zone.
0:34 of 3rd period - Slapshot by Leon Draisaitl.
0:34 of 3rd period - Stopped by Carter Hart without a rebound.
0:35 of 3rd period - Ryan McLeod wins face-off versus Yanni Gourde in Seattle Kraken zone.
0:46 of 3rd period - Snap shot by Leon Draisaitl.
0:46 of 3rd period - Stopped by Carter Hart with a rebound.
0:48 of 3rd period - Backhand shot by Ryan McLeod.
0:48 of 3rd period - Stopped by Carter Hart with a rebound.
0:50 of 3rd period - Slapshot by Brett Kulak.
0:50 of 3rd period - Shot Blocked by Jaycob Megna.
0:52 of 3rd period - Snap shot by Evander Kane.
0:52 of 3rd period - Stopped by Carter Hart with a rebound.
1:02 of 3rd period - Zach Hyman is hit by Jaycob Megna and loses puck.
1:11 of 3rd period - Wrist shot by Matty Beniers.
1:11 of 3rd period - Stopped by Stuart Skinner without a rebound.
1:12 of 3rd period - Matty Beniers wins face-off versus Evander Kane in Edmonton Oilers zone.
1:37 of 3rd period - Jamie Oleksiak is hit by Zach Hyman and loses puck.
1:42 of 3rd period - Snap shot by Connor McDavid.
1:42 of 3rd period - Shot Misses the Net.
1:46 of 3rd period - Snap shot by Connor McDavid.
1:46 of 3rd period - Deflect By Zach Hyman.
1:46 of 3rd period - Stopped by Carter Hart with a rebound.
1:48 of 3rd period - Snap shot by Mattias Janmark.
1:48 of 3rd period - Stopped by Carter Hart with a rebound.
1:50 of 3rd period - Snap shot by Zach Hyman.
1:50 of 3rd period - Shot Misses the Net.
2:00 of 3rd period - Snap shot by Brandon Tanev.
2:00 of 3rd period - Stopped by Stuart Skinner with a rebound.
2:02 of 3rd period - Snap shot by Brandon Tanev.
2:02 of 3rd period - Goal by Brandon Tanev - Seattle Kraken : 1 - Edmonton Oilers : 2.
2:03 of 3rd period - Matty Beniers wins face-off versus Connor McDavid in neutral zone.
2:14 of 3rd period - Wrist shot by Jordan Eberle.
2:14 of 3rd period - Stopped by Stuart Skinner without a rebound.
2:15 of 3rd period - Leon Draisaitl wins face-off versus Matty Beniers in Edmonton Oilers zone.
2:15 of 3rd period - Leon Draisaitl is hit by Jamie Oleksiak.
2:26 of 3rd period - Minor Penalty to Jamie Oleksiak for Roughing.
2:27 of 3rd period - Matty Beniers wins face-off versus Connor McDavid in Seattle Kraken zone.
2:27 of 3rd period - Matty Beniers is hit by Zach Hyman.
2:40 of 3rd period - Snap shot by Jared McCann.
2:40 of 3rd period - Shot Misses the Net.
2:42 of 3rd period - Wrist shot by Matty Beniers.
2:42 of 3rd period - Stopped by Stuart Skinner with a rebound.
2:44 of 3rd period - Snap shot by Matty Beniers.
2:44 of 3rd period - Shot Misses the Net.
3:59 of 3rd period - Mattias Janmark is hit by Brian Dumoulin and loses puck.
4:26 of 3rd period - Penalty to Jamie Oleksiak is over, Jamie Oleksiak is back on ice.
4:36 of 3rd period - Evan Bouchard is hit by Justin Schultz and loses puck.
4:57 of 3rd period - Wrist shot by Brandon Tanev.
4:57 of 3rd period - Shot Misses the Net.
5:03 of 3rd period - Adam Erne is hit by Kailer Yamamoto and loses puck.
5:13 of 3rd period - Minor Penalty to Jamie Oleksiak for Tripping.
5:14 of 3rd period - Connor McDavid wins face-off versus Matty Beniers in Seattle Kraken zone.
5:19 of 3rd period - Slapshot by Ryan Nugent-Hopkins.
5:19 of 3rd period - Stopped by Carter Hart without a rebound.
5:20 of 3rd period - Connor McDavid wins face-off versus Matty Beniers in Seattle Kraken zone.
5:31 of 3rd period - Snap shot by Ryan Nugent-Hopkins.
5:31 of 3rd period - Shot Blocked by Adam Larsson.
5:49 of 3rd period - Wrist shot by Leon Draisaitl.
5:49 of 3rd period - Shot Blocked by Adam Larsson.
5:51 of 3rd period - Wrist shot by Mattias Janmark.
5:51 of 3rd period - Stopped by Carter Hart with a rebound.
5:53 of 3rd period - Slapshot by Leon Draisaitl.
5:53 of 3rd period - Shot Misses the Net.
5:55 of 3rd period - Snap shot by Derek Ryan.
5:55 of 3rd period - Stopped by Carter Hart with a rebound.
5:57 of 3rd period - Snap shot by Evander Kane.
5:57 of 3rd period - Stopped by Carter Hart with a rebound.
7:13 of 3rd period - Penalty to Jamie Oleksiak is over, Jamie Oleksiak is back on ice.
7:29 of 3rd period - Brian Dumoulin is hit by Dylan Holloway and loses puck.
8:07 of 3rd period - Slapshot by Kailer Yamamoto.
8:07 of 3rd period - Stopped by Stuart Skinner without a rebound.
8:08 of 3rd period - Ryan Nugent-Hopkins wins face-off versus Alex Wennberg in Edmonton Oilers zone.
9:21 of 3rd period - Snap shot by Alex Wennberg.
9:21 of 3rd period - Shot Misses the Net.
9:23 of 3rd period - Snap shot by Adam Larsson.
9:23 of 3rd period - Shot Blocked by Philip Broberg.
9:33 of 3rd period - Adam Erne is hit by Adam Larsson and loses puck.
10:00 of 3rd period - Slapshot by Zach Hyman.
10:00 of 3rd period - Stopped by Carter Hart with a rebound.
10:02 of 3rd period - Snap shot by Zach Hyman.
10:02 of 3rd period - Stopped by Carter Hart with a rebound.
10:18 of 3rd period - Slapshot by Alex Wennberg.
10:18 of 3rd period - Shot Misses the Net.
10:52 of 3rd period - Slapshot by Yanni Gourde.
10:52 of 3rd period - Stopped by Stuart Skinner with a rebound.
10:54 of 3rd period - Snap shot by Matty Beniers.
10:54 of 3rd period - Stopped by Stuart Skinner with a rebound.
12:08 of 3rd period - Snap shot by Jared McCann.
12:08 of 3rd period - Shot Misses the Net.
12:14 of 3rd period - Jaycob Megna is hit by Dylan Holloway and loses puck.
12:44 of 3rd period - Slapshot by Evander Kane.
12:44 of 3rd period - Stopped by Carter Hart without a rebound.
12:45 of 3rd period - Connor McDavid wins face-off versus Matty Beniers in Seattle Kraken zone.
13:11 of 3rd period - Snap shot by Oliver Bjorkstrand.
13:11 of 3rd period - Deflect By Andre Burakovsky.
13:11 of 3rd period - Stopped by Stuart Skinner without a rebound.
13:12 of 3rd period - Yanni Gourde wins face-off versus Evander Kane in Edmonton Oilers zone.
13:15 of 3rd period - Snap shot by Yanni Gourde.
13:15 of 3rd period - Shot Blocked by Evan Bouchard.
13:17 of 3rd period - Snap shot by Jaycob Megna.
13:17 of 3rd period - Stopped by Stuart Skinner with a rebound.
13:40 of 3rd period - Minor Penalty to Mattias Janmark for High sticking.
13:41 of 3rd period - Ryan Nugent-Hopkins wins face-off versus Matty Beniers in Edmonton Oilers zone.
13:50 of 3rd period - Wrist shot by Jared McCann.
13:50 of 3rd period - Stopped by Stuart Skinner without a rebound.
13:51 of 3rd period - Ryan Nugent-Hopkins wins face-off versus Matty Beniers in Edmonton Oilers zone.
14:10 of 3rd period - Jamie Oleksiak is hit by Evander Kane and loses puck.
14:59 of 3rd period - Snap shot by Jared McCann.
14:59 of 3rd period - Shot Blocked by Adam Erne.
15:01 of 3rd period - Slapshot by Adam Larsson.
15:01 of 3rd period - Shot Blocked by Adam Erne.
15:03 of 3rd period - Slapshot by Jamie Oleksiak.
15:03 of 3rd period - Deflect By Connor McDavid.
15:03 of 3rd period - Stopped by Stuart Skinner with a rebound.
15:05 of 3rd period - Slapshot by Jared McCann.
15:05 of 3rd period - Stopped by Stuart Skinner with a rebound.
15:07 of 3rd period - Slapshot by Adam Larsson.
15:07 of 3rd period - Shot Misses the Net.
15:09 of 3rd period - Wrist shot by Jared McCann.
15:09 of 3rd period - Goal by Jared McCann - Seattle Kraken : 2 - Edmonton Oilers : 2.
15:10 of 3rd period - Yanni Gourde wins face-off versus Ryan Nugent-Hopkins in neutral zone.
16:01 of 3rd period - Mattias Ekholm is hit by Yanni Gourde and loses puck.
17:05 of 3rd period - Minor Penalty to Yanni Gourde for Tripping.
17:06 of 3rd period - Matty Beniers wins face-off versus Derek Ryan in Seattle Kraken zone.
17:41 of 3rd period - Icing by Leon Draisaitl.
17:42 of 3rd period - Matty Beniers wins face-off versus Evander Kane in Edmonton Oilers zone.
17:51 of 3rd period - Jared McCann is hit by MacKenzie Weegar and loses puck.
18:52 of 3rd period - Jaycob Megna is hit by Ryan Nugent-Hopkins and loses puck.
19:03 of 3rd period - Adam Larsson is hit by Leon Draisaitl and loses puck.
19:05 of 3rd period - Penalty to Yanni Gourde is over, Yanni Gourde is back on ice.
19:13 of 3rd period - Minor Penalty to Leon Draisaitl for Slashing.
19:14 of 3rd period - Yanni Gourde wins face-off versus Ryan Nugent-Hopkins in Edmonton Oilers zone.
19:16 of 3rd period - Snap shot by Oliver Bjorkstrand.
19:16 of 3rd period - Shot Misses the Net.
19:20 of 3rd period - Snap shot by Yanni Gourde.
19:20 of 3rd period - Stopped by Stuart Skinner with a rebound.
19:22 of 3rd period - Snap shot by Oliver Bjorkstrand.
19:22 of 3rd period - Shot Blocked by Zach Hyman.
19:24 of 3rd period - Snap shot by Yanni Gourde.
19:24 of 3rd period - Stopped by Stuart Skinner without a rebound.
19:25 of 3rd period - Yanni Gourde wins face-off versus Connor McDavid in Edmonton Oilers zone.
19:26 of 3rd period - Snap shot by Andre Burakovsky.
19:26 of 3rd period - Shot Misses the Net.
Goals for this period are 2 for Seattle Kraken vs 0 for Edmonton Oilers.
Shots for this period are 16 for Seattle Kraken vs 13 for Edmonton Oilers.

Overtime #1


0:01 of 1st overtime period - Ryan Nugent-Hopkins wins face-off versus Matty Beniers in neutral zone.
0:03 of 1st overtime period - Off-side.
0:04 of 1st overtime period - Ryan Nugent-Hopkins wins face-off versus Matty Beniers in neutral zone.
0:09 of 1st overtime period - Wrist shot by Ryan Nugent-Hopkins.
0:09 of 1st overtime period - Shot Blocked by Jamie Oleksiak.
0:11 of 1st overtime period - Slapshot by Mattias Ekholm.
0:11 of 1st overtime period - Shot Blocked by Adam Larsson.
0:13 of 1st overtime period - Slapshot by MacKenzie Weegar.
0:13 of 1st overtime period - Shot Blocked by Matty Beniers.
0:13 of 1st overtime period - Matty Beniers from Seattle Kraken is injured at 0:13 of 1st overtime period (Groin).
0:14 of 1st overtime period - Alex Wennberg wins face-off versus Connor McDavid in Seattle Kraken zone.
0:30 of 1st overtime period - Slapshot by Jared McCann.
0:30 of 1st overtime period - Shot Misses the Net.
1:13 of 1st overtime period - Penalty to Leon Draisaitl is over, Leon Draisaitl is back on ice.
1:27 of 1st overtime period - Snap shot by Jordan Eberle.
1:27 of 1st overtime period - Deflect By Yanni Gourde.
1:27 of 1st overtime period - Shot Misses the Net.
1:27 of 1st overtime period - Puck is out of play.
1:28 of 1st overtime period - Connor McDavid wins face-off versus Jordan Eberle in Edmonton Oilers zone.
2:16 of 1st overtime period - Snap shot by Andre Burakovsky.
2:16 of 1st overtime period - Shot Blocked by Connor McDavid.
2:18 of 1st overtime period - Slapshot by Jamie Oleksiak.
2:18 of 1st overtime period - Deflect By Jordan Eberle.
2:18 of 1st overtime period - Shot Blocked by Mattias Ekholm.
2:18 of 1st overtime period - Puck is out of play.
2:19 of 1st overtime period - Connor McDavid wins face-off versus Jordan Eberle in Edmonton Oilers zone.
3:00 of 1st overtime period - Wrist shot by Jared McCann.
3:00 of 1st overtime period - Goal by Jared McCann - Seattle Kraken : 3 - Edmonton Oilers : 2.
Goals for this period are 1 for Seattle Kraken vs 0 for Edmonton Oilers.
Shots for this period are 1 for Seattle Kraken vs 0 for Edmonton Oilers.